 Dungeon Crawl Stone Soup version 0.20.1-1-g8b1a95d (webtiles) character file.

840 LarsimusPrime the Shield-Bearer (level 7, -1/61 HPs)
             Began as a Minotaur Fighter on Sept 16, 2017.
             Slain by Athtar's ghost (5 damage)
             ... on level 5 of the Dungeon.
             The game lasted 00:18:49 (4350 turns).

LarsimusPrime the Shield-Bearer (Minotaur Fighter)  Turns: 4350, Time: 00:18:49

Health: -1/61      AC: 20    Str: 21    XL:     7   Next: 67%
Magic:  6/6        EV:  5    Int:  5    God:
Gold:   98         SH:  0    Dex: 11    Spells: 6/6 levels left

rFire    . . .     SeeInvis .   D - +4 flail (protect)
rCold    . . .     Gourm    .   m - +0 large shield
rNeg     . . .     Faith    .   A - +0 chain mail
rPois    .         Spirit   .   (helmet restricted)
rElec    .         Reflect  .   (no cloak)
rCorr    .         Harm     .   F - +2 pair of gloves
MR       .....                  (no boots)
Stlth    ..........             (no amulet)
Regen    0.2/turn               C - ring of stealth
MPRegen  0.1/turn               (no ring)

@: confused, protection aura
A: retaliatory headbutt, horns 2
a: no special abilities


You were on level 5 of the Dungeon.
You were not hungry.

You visited 1 branch of the dungeon, and saw 5 of its levels.

You collected 98 gold pieces.

Inventory:

Hand Weapons
 a - a +0 flail
 n - a +2 hand axe of flaming
 y - a +1 mace of draining
 D - a +4 flail of protection (weapon)
Missiles
 i - 178 stones (quivered)
 u - 5 tomahawks
Armour
 b - a +0 scale mail
 c - a +0 shield
 m - a +0 large shield (worn)
 A - a +0 chain mail (worn)
 E - a +0 leather armour of poison resistance
 F - a +2 pair of gloves (worn)
Jewellery
 C - a ring of stealth (left hand)
Scrolls
 g - 6 scrolls of identify {unknown}
 h - 3 scrolls of remove curse {unknown}
 j - a scroll of fear {unknown}
 k - a scroll of recharging {unknown}
 l - 3 scrolls of amnesia {unknown}
 o - 2 scrolls of enchant armour {unknown}
 z - a scroll of enchant weapon {unknown}
Potions
 d - 2 potions of might
 e - a potion of curing {unknown}
 p - a potion of brilliance {unknown}
 q - a potion of invisibility {unknown}
 r - a potion of flight {unknown}
 s - a potion of cancellation {unknown}
 w - a potion of heal wounds {unknown}
 x - a potion of mutation {unknown}
 B - a potion of ambrosia {unknown}
Comestibles
 f - 5 bread rations
 t - 2 royal jellies


   Skills:
 + Level 5.0 Fighting
 + Level 6.2 Maces & Flails
 + Level 5.8 Armour
 + Level 2.4 Dodging
 + Level 0.1 Stealth
 + Level 6.6 Shields


You had 6 spell levels left.
You didn't know any spells.

Dungeon Overview and Level Annotations

Branches:
Dungeon (5/15)
 Temple: D:4-7

Altars:

Annotations:
D:5 Athtar's ghost, novice DECj


Innate Abilities, Weirdness & Mutations

You reflexively headbutt those who attack you in melee.
You have a pair of horns on your head.


Message History

Athtar's ghost hits you but does no damage.
You writhe in agony.
You miss Athtar's ghost. Athtar's ghost completely misses you.
Athtar's ghost casts a spell at you. The orb of energy hits you!
The orb of energy explodes!
You thump Athtar's ghost!
Your weapon exudes an aura of protection.
Athtar's ghost is moderately damaged.
Athtar's ghost frowns in concentration.
Athtar's ghost casts a spell at you.
You are confused.
You hit Athtar's ghost. Your headbutt misses Athtar's ghost.
Athtar's ghost is moderately damaged.
Athtar's ghost points at you and mumbles some strange words.
The orb of energy hits you!
* * * LOW HITPOINT WARNING * * *
You bump into the rock wall.
Athtar's ghost hits you.
* * * LOW HITPOINT WARNING * * *
You writhe in agony.
You die...

#......#.....#
#........##+##.
######.#.....#
#..............
.........#...#
#..............
######.###...#
#..............
#.# #...#
#.........W....
#.# #####
#..............
#.#
#########.........
#.#
#.W........##..###
#.# #@########.# #
#.# #.##.....#.#
#.# #.##.###.#.#
#.#########.##.#
#.#.#
#..............#
#.#.#
###########.#..#
#.#.# #.#..# #.#.#
#.#..# #.# #.#..#
#.#


You could see Athtar's ghost.

Vanquished Creatures
  Grinder (D:3)
  The ghost of coier the Magician, an amateur DEFE (D:4)
  Menkaure (D:5)
  An ogre (D:4)
  A gnoll shaman (D:4)
  2 worker ants (D:4)
  The ghost of letownia the Insei, a weakling OpTm (D:3)
  5 adders
  5 gnolls (D:4)
  2 oozes
  An adder skeleton (D:4)
  A worm (D:3)
  2 dart slugs
  2 leopard geckos
  6 orcs
  9 giant cockroaches
  8 goblins
  5 hobgoblins
  3 jackals
  6 kobolds
  A quokka (D:3)
  5 bats
  5 frilled lizards
  10 rats
84 creatures vanquished.

Notes
Turn   | Place    | Note
-------+----------+-------------------------------------------
     0 | D:1      | LarsimusPrime the Minotaur Fighter began the quest for the Orb.
     0 | D:1      | Reached XP level 1. HP: 19/19 MP: 0/0
   140 | D:1      | Reached XP level 2. HP: 25/27 MP: 1/1
   531 | D:1      | Reached XP level 3. HP: 32/33 MP: 2/2
  1432 | D:3      | Noticed letownia's ghost (weakling OpTm)
  1441 | D:3      | Killed letownia's ghost
  1441 | D:3      | Reached XP level 4. HP: 40/40 MP: 3/3
  1480 | D:3      | Noticed Grinder
  1488 | D:3      | Paralysed by Grinder for 2 turns
  2066 | D:3      | Paralysed by Grinder for 3 turns
  2292 | D:3      | Paralysed by Grinder for 5 turns
  2301 | D:3      | Paralysed by Grinder for 4 turns
  2319 | D:3      | Paralysed by Grinder for 5 turns
  2346 | D:3      | Paralysed by Grinder for 4 turns
  2600 | D:3      | Paralysed by Grinder for 4 turns
  2634 | D:3      | Killed Grinder
  2634 | D:3      | Reached skill level 1 in Dodging
  2634 | D:3      | Reached skill level 5 in Shields
  2634 | D:3      | Reached XP level 5. HP: 14/47 MP: 4/4
  2634 | D:3      | Reached XP level 6. HP: 15/53 MP: 5/5
  3056 | D:3      | Reached skill level 5 in Maces & Flails
  3057 | D:3      | Found a faded altar of an unknown god.
  3443 | D:4      | Noticed coier's ghost (amateur DEFE)
  3458 | D:4      | Killed coier's ghost
  3458 | D:4      | Reached skill level 5 in Armour
  3462 | D:4      | Reached XP level 7. HP: 27/60 MP: 6/6
  4198 | D:5      | Entered Level 5 of the Dungeon
  4313 | D:5      | Noticed Menkaure
  4327 | D:5      | Killed Menkaure
  4327 | D:5      | Reached skill level 5 in Fighting
  4330 | D:5      | Noticed Athtar's ghost (novice DECj)
  4350 | D:5      | Slain by Athtar's ghost

Skill      XL: |  1  2  3  4  5  6  7 |
---------------+----------------------+-----
Armour         | 4 5 |  5.8
Shields        | 4 5 6 |  6.6
Fighting       | 4 5 |  5.0
Maces & Flails | 3 4 5 6 |  6.2
Dodging        | 1 2 |  2.4
Stealth        | |  0.1

Action                   |  1- 3 |  4- 6 |  7- 9 || total
-------------------------+-------+-------+-------++-------
Melee: Flail             |    82 |   167 |    50 ||   299
       Headbutt          |    16 |    29 |    14 ||    59
       Mace              |       |       |     3 ||     3
  Use: Potion            |       |     2 |       ||     2
  Eat: Chunk             |     2 |     2 |     3 ||     7
       Bread ration      |       |     1 |       ||     1
Armor: Scale mail        |    37 |    60 |    12 ||   109
       Chain mail        |       |       |     1 ||     1
Dodge: Dodged            |    14 |    31 |    17 ||    62
Block: Shield            |    22 |       |       ||    22
       Large shield      |    21 |   125 |    44 ||   190
